 Dungeon Crawl Stone Soup version 0.32-a0-975-g85d4e5bfdb (webtiles) character file.

Game seed: 5179533770405370358

2 Maxmaps the Caller (level 1, -1/13 HPs)
             Began as a Demonspawn Summoner on Apr 19, 2024.
             Slain by a hobgoblin (3 damage)
             ... on level 1 of the Dungeon.
             The game lasted 00:00:15 (85 turns).

Maxmaps the Caller (Demonspawn Summoner)              Turns: 85, Time: 00:00:16

Health: -1/13      AC:  2    Str:  8    XL:     1   Next: 33%
Magic:  1/3        EV: 11    Int: 15    God:
Gold:   0          SH:  0    Dex: 13    Spells: 3/4 levels left

rFire   . . .        (no weapon)
rCold   . . .        (no shield)
rNeg    . . .        a - +0 robe
rPois   .            (no helmet)
rElec   .            (no cloak)
rCorr   .            (no gloves)
SInv    .            (no boots)
Will    .....        (no amulet)
Stlth   ++           (no ring)
HPRegen 0.22/turn    (no ring)
MPRegen 0.08/turn

%: no passive effects
@: no status effects
A: no striking features
a: no special abilities


You were on level 1 of the Dungeon.
You visited 1 branch of the dungeon, and saw 1 of its levels.

Inventory:

Armour
 a - a +0 robe (worn)
Potions
 b - a potion of magic


   Skills:
 - Level 1.7 Dodging
 - Level 1.7 Stealth
 + Level 2.2 Spellcasting
 - Level 4.0 Summonings


You had 3 spell levels left.
You knew the following spells:

 Your Spells              Type           Power      Damage    Failure   Level
a - Summon Small Mammal   Summ           52%        N/A       4%          1

Your spell library contained the following spells:

 Spells                   Type           Power      Damage    Failure   Level
 Call Imp                 Summ           26%        N/A       6%          2
 Call Canine Familiar     Summ           13%        N/A       13%         3
 Summon Blazeheart Golem  Fire/Summ      7%         N/A       67%         4
 Summon Lightning Spire   Summ/Air       7%         N/A       67%         4


Dungeon Overview and Level Annotations

Branches:
Dungeon (1/15)

Altars:


Message History

A hobgoblin comes into view.
Found a scroll labelled XEZAGAN VITZ.
A hobgoblin is nearby!
A hobgoblin is nearby!
A hobgoblin is nearby!
Casting: Summon Small Mammal (safe; 4% risk of failure)
Confirm with . or Enter, or press ? or * to list all spells.
Casting: Summon Small Mammal (safe; 4% risk of failure)
Confirm with . or Enter, or press ? or * to list all spells.
You miscast Summon Small Mammal.
You are very lightly contaminated with residual magic.
Nothing appears to happen.
You swap places.
The hobgoblin shouts!
The hobgoblin hits you.
You hit the hobgoblin but do no damage. The hobgoblin hits you.
You are too injured to fight recklessly!
You are too injured to fight recklessly!
You are too injured to fight recklessly!
You are too injured to fight recklessly!
You hit the hobgoblin.
The hobgoblin is moderately wounded.
The hobgoblin barely misses you.
Your rat bites the hobgoblin.
You hit the hobgoblin but do no damage.
The hobgoblin is heavily wounded.
The hobgoblin barely misses you.
Your rat barely misses the hobgoblin.
You hit the hobgoblin but do no damage.
The hobgoblin is heavily wounded.
The hobgoblin barely misses you.
Your rat bites the hobgoblin but does no damage.
You closely miss the hobgoblin.
The hobgoblin is heavily wounded.
The hobgoblin hits you.
* * * LOW HITPOINT WARNING * * *
Your rat barely misses the hobgoblin.
Your magical contamination has completely faded away.
You hit the hobgoblin.
The hobgoblin is almost dead.
The hobgoblin hits you.
You die...

..... ##.... . ......
####...#..#.#.#
?............##
.####....#..#....
.........#..#...#
#.......#..#...#
#....r@.#..#...#
#....g#.#..#...###
.......#..........#
.##.#.##.#..#...#####.##
.. .. #.#..#...........
.. .#. #.#.##...#####.#.
. ... #..............#
## # ###.##...#####.#
##### ####...#####.#.


You could see a hobgoblin (ally target) and a friendly rat (summoned).

Vanquished Creatures (collateral kills)
  A dart slug (D:1)
1 creature vanquished.

Notes
Turn   | Place    | Note
-------+----------+-------------------------------------------
     0 | D:1      | Maxmaps the Demonspawn Summoner began the quest for the
                  | Orb.
     0 | D:1      | Reached XP level 1. HP: 13/13 MP: 3/3
    85 | D:1      | Slain by a hobgoblin

Illustrated notes

Levels and vault maps discovered:
D:1:      sevenhm_arrival_forest_fort_small_1, layout_basic

Action                     || total
---------------------------++-------
  Melee: Unarmed           ||     7
   Cast: Summon Small Mamm ||     3
 Armour: Robe              ||     7
  Dodge: Dodged            ||     4

Table legend: (Time is in decaauts)
 A = Elapsed time spent in this place.
 B = Non-inter-level travel time spent in this place.
 C = Inter-level travel time spent in this place.
 D = Time resting spent in this place.
 E = Time spent auto-exploring this place.
 F = Levels seen in this place.
 G = Mean time per level.
                   A        B        C        D        E       F      G
               +--------+--------+--------+--------+--------+-----+--------+
         Total |     86 |     86 |      0 |     14 |     50 |   1 |   86.0 |
       Dungeon |     86 |     86 |      0 |     14 |     50 |   1 |   86.0 |
               +--------+--------+--------+--------+--------+-----+--------+

Top non-repeatable levels by time:
     D:1: 86 daAuts
